 Dungeon Crawl Stone Soup version 0.25-a0-578-gc91f01c39c (webtiles) character file.

Game seed: 17638859866708799951, levelgen mode: deterministic

20 Esekla the Charlatan (level 2, 0/14 HPs)
             Began as a Spriggan Artificer on Mar 6, 2020.
             Was a Plaything of Xom.
             Slain by an adder (4 damage)
             ... on level 1 of the Dungeon.
             The game lasted 00:06:50 (1276 turns).

Esekla the Charlatan (Spriggan Artificer)           Turns: 1276, Time: 00:06:51

Health: 0/14       AC:  2    Str:  8    XL:     2   Next: 58%
Magic:  6/6        EV: 18    Int: 12    God:    Xom [.*....]
Gold:   60         SH:  0    Dex: 16    Spells: 1/1 levels left

rFire    . . .     SeeInvis +   a - +0 short sword
rCold    . . .     Gourm    .   (shield restricted)
rNeg     . . .     Faith    .   o - +0 robe (curse)
rPois    .         Spirit   .   (helmet restricted)
rElec    .         Reflect  .   (no cloak)
rCorr    .         Harm     .   (gloves unavailable)
MR       .....                  (boots unavailable)
Stlth    ++........             k - amulet of the acrobat
HPRegen  0.04/turn              (no ring)
MPRegen  0.10/turn              (no ring)

@: very quick
A: very small, unfitting armour, see invisible, herbivore, speed 3, slow
metabolism 2
a: Renounce Religion


You were on level 1 of the Dungeon.
You worshipped Xom.
You were a plaything of Xom.
You were not hungry.

You visited 1 branch of the dungeon, and saw 2 of its levels.

You collected 60 gold pieces.

Inventory:

Hand Weapons
 a - a +0 short sword (weapon)
Armour
 o - a cursed +0 robe (worn)
Jewellery
 k - an amulet of the acrobat (around neck)
Wands
 c - a wand of flame (15)
 d - a wand of enslavement (15)
 e - a wand of random effects (15)
Scrolls
 h - a scroll of enchant weapon {unknown}
 i - a scroll of remove curse {unknown}
 j - a scroll of identify {unknown}
Potions
 g - a potion of stabbing {unknown}
 m - 2 potions of curing {unknown}
 n - a potion of haste {unknown}
Comestibles
 f - 2 rations


   Skills:
 + Level 0.7 Fighting
 + Level 1.5 Short Blades
 + Level 3.3 Dodging
 + Level 1.5 Stealth
 + Level 4.8 Evocations


You had one spell level left.
You didn't know any spells.
Your spell library was empty.

Dungeon Overview and Level Annotations

Branches:
Dungeon (2/15)

Altars:
Xom


Innate Abilities, Weirdness & Mutations

You are very small and have problems with some larger weapons.
You are too small for most types of armour.
You have supernaturally acute eyesight. (SInv)
You are a herbivore.
You cover ground extremely quickly.
You need to consume almost no food.


Message History

The adder closely misses you.
You barely miss the adder. The adder completely misses you.
You closely miss the adder. The adder bites you.
You closely miss the adder. The adder bites you but does no damage.
The adder closely misses you.
You hit the adder.
The adder is moderately wounded.
The adder barely misses you.
You barely miss the adder.
The adder is moderately wounded.
The adder closely misses you.
You hit the adder but do no damage.
The adder is moderately wounded.
The adder bites you.
* * * LOW HITPOINT WARNING * * *
The adder closely misses you.
You hit the adder but do no damage.
The adder is moderately wounded.
The adder bites you.
You die...

#.#####.## #..# ####....##.
#...###..# #.## ####......###.
##.#....#.# #.####....#.##..##.
...####...#####.#....####.###....
.### ##..##...)..#### ##.# #)..#
## ##..#....########.(###..## ##
#...............(....(..# .#
#.....>######..>.######.# .#
#####.....@S....#### #.# .#
###.....[...####### #.#
.####............##### #.#
.......###...##......# #.#
....[.###...###......# #.#
#...### #..## #......# #.#
......###..# #......# #### #.#
..###......# ##########..# #.#
#.###..#...### ##....# #.#


You could see an adder.

Vanquished Creatures
  A leopard gecko (D:1)
  A giant cockroach (D:1)
  2 goblins (D:1)
  4 hobgoblins
  A bat (D:2)
  4 frilled lizards
  4 kobolds
  2 rats (D:1)
19 creatures vanquished.

Notes
Turn   | Place    | Note
-------+----------+-------------------------------------------
     0 | D:1      | Esekla the Spriggan Artificer began the quest for the Orb.
     0 | D:1      | Reached XP level 1. HP: 9/9 MP: 4/4
   233 | D:1      | Found a shimmering altar of Xom.
   255 | D:1      | Reached XP level 2. HP: 14/14 MP: 6/6
   362 | D:1      | Became a worshipper of Xom of Chaos
   754 | D:2      | XOM: confuse monster(s)
   765 | D:2      | XOM: silly message
  1023 | D:1      | XOM: mild Necr miscast
  1276 | D:1      | Slain by an adder

Levels and vault maps discovered:
D:1:      dpeg_arrival_more_subterranean_lakeside_camping, layout_rooms,
          xom_teletrap_fun
D:2:      layout_rooms, serial_rivers, chequers_serial_rivers_small_3,
          chequers_serial_rivers_micro_c, chequers_serial_rivers_marsh,
          chequers_serial_rivers_micro_b, minmay_pentomino_pile

Action                   || total
-------------------------++-------
Melee: Short sword       ||    81
 Stab: Sleeping          ||     4
Armor: Robe              ||     7
Dodge: Dodged            ||    87

Table legend:
 A = Non-vault XP
 B = Vault XP
 C = Vault XP percentage of total XP
 D = Non-vault monster count
 E = Vault monster count
 F = Vault count percentage of total count
                 A         B        C        D         E       F
            +---------+---------+-------+---------+---------+-------
      Total |      29 |       0 |   0.0 |      19 |       0 |   0.0
            +---------+---------+-------+---------+---------+-------
        D:1 |      23 |       0 |   0.0 |      15 |       0 |   0.0
        D:2 |       6 |       0 |   0.0 |       4 |       0 |   0.0
            +---------+---------+-------+---------+---------+-------
